AoeStats
← Ю菜刀 —

MegaRandom

508826561Analyzed
4v4 RM · 8d ago on Sep 24, 2026· 21m 53s· 8 players
Game mode
Random Map
Map size
Large (8 player)
Population
200
Speed
Normal
Resources
Standard
Victory
Conquest
Starting age
Dark Age
Ending age
Imperial Age
RankedLock teamsTeams togetherTeam positionsShared explorationLock speedFull tech treeHidden civsTurbo modeCheats
Victory
Defeat
🇹🇼 Varangians · Taiwan
1270
+15
🇦🇷 Danes · Argentina
1258
+16
🇳🇱 Malay · Netherlands
1249
+16
🇹🇼 Saxons · Taiwan
1239
+18
🇻🇳 Aztecs · Vietnam
1278
-17
🇲🇾 Varangians · Malaysia
1250
-16
🇨🇳 Turks · China
1244
-16
🇨🇳 Huns · China
1243
-16
我大E了,没有闪
Tintagel
7:13 Loom
9:52 Feudal Age
11:21 Double-Bit Axe
13:49 Bloodlines
14:10 Scale Barding Armor
14:15 Forging
LêHuy69
8:04 Loom
10:12 Feudal Age
18:06 Fletching
20:17 Padded Archer Armor
Ю菜刀 —
1:25 Loom
12:13 Feudal Age
13:07 Double-Bit Axe
16:40 Castle Age
19:32 Wheelbarrow
19:09 Bow Saw
19:49 Horse Collar
11HQQQQ
8:12 Loom
10:25 Feudal Age
13:30 Fletching
疫拳抄人
6:39 Loom
9:07 Feudal Age
16:18 Bloodlines
17:46 Town Watch
20:07 Scale Barding Armor
22:11 Forging
SKYRIM
7:39 Loom
9:50 Feudal Age
17:04 Scale Barding Armor
20:30 Wheelbarrow
24:13 Castle Age
Deathiscoming
9:05 Loom
12:37 Feudal Age
12:19 Double-Bit Axe
12:35 Fishing Lines
17:44 Town Watch
20:51 Castle Age
19:14 Scale Barding Armor
20:15 Forging
20:42 Husbandry
20:45 Gold Mining
20:55 Gillnets
Connection lost

Rejoining the realm…

Still unreachable

The connection could not be restored.

Session expired

The server has moved on; the page needs a fresh start.